AoeStats
← Wigglz2

Fortress

508314950Analyzed
3v3 RM · 12d ago on Sep 21, 2026· 32m 22s· 6 players
Game mode
Random Map
Map size
Large (8 player)
Population
200
Speed
Normal
Resources
Standard
Victory
Conquest
Starting age
Dark Age
Ending age
Imperial Age
RankedLock teamsTeams togetherTeam positionsShared explorationLock speedFull tech treeHidden civsTurbo modeCheats
Victory
Defeat
🇵🇹 Spanish · Portugal
996
+18
🇲🇽 Chinese · Mexico
966
+19
🇦🇷 Spanish · Argentina
958
+19
🇺🇸 Khmer · United States
1050
-20
🇺🇸 Mongols · United States
1049
-19
🇺🇸 Saracens · United States
999
-17
SamoMx
1:20 Loom
8:00 Feudal Age
14:20 Castle Age
12:34 Double-Bit Axe
13:40 Gold Mining
13:45 Fletching
16:23 Crossbowman
17:36 Padded Archer Armor
19:05 Town Watch
22:10 Wheelbarrow
27:51 Imperial Age
27:01 Thumb Ring
27:28 Bodkin Arrow
30:24 Bracer
30:46 Ballistics
31:28 Chemistry
33:01 Leather Archer Armor
Nemesis6410
2:06 Loom
7:06 Feudal Age
11:27 Castle Age
10:24 Double-Bit Axe
14:12 Horse Collar
14:24 Gold Mining
23:35 Imperial Age
22:54 Bow Saw
22:46 Heavy Plow
24:15 Scale Barding Armor
24:34 Cavalier
26:14 Chain Barding Armor
27:24 Wheelbarrow
27:57 Two-Man Saw
27:39 Forging
29:04 Plate Barding Armor
29:05 Bloodlines
30:44 Husbandry
!
6:50 Feudal Age
5:30 Loom
13:21 Castle Age
11:47 Double-Bit Axe
19:28 Padded Archer Armor
30:22 Leather Archer Armor
30:41 Horse Collar
32:20 Bow Saw
Hog Patrol
1:49 Loom
7:41 Feudal Age
8:19 Double-Bit Axe
9:25 Horse Collar
13:45 Castle Age
12:36 Forging
12:32 Scale Barding Armor
20:16 Bow Saw
20:08 Fletching
22:12 Heavy Plow
23:13 Wheelbarrow
22:14 Elite Skirmisher
23:26 Padded Archer Armor
24:16 Bodkin Arrow
27:49 Leather Archer Armor
27:59 Chain Barding Armor
27:46 Husbandry
27:56 Bloodlines
32:45 Imperial Age
Wigglz2
8:24 Feudal Age
11:24 Castle Age
9:13 Town Watch
9:16 Double-Bit Axe
9:24 Horse Collar
15:19 Loom
16:42 Husbandry
18:18 Fletching
20:51 Bodkin Arrow
24:12 Scale Barding Armor
28:03 Light Cavalry
28:53 Bloodlines
31:18 Chain Barding Armor
McBouncy
7:08 Feudal Age
5:30 Loom
11:33 Castle Age
9:34 Stone Mining
9:54 Double-Bit Axe
10:25 Loom
10:38 Horse Collar
13:51 Town Watch
16:24 Fletching
22:05 Wheelbarrow
28:06 Imperial Age
26:20 Bloodlines
26:11 Husbandry
26:30 Bodkin Arrow
26:33 Light Cavalry
28:22 Padded Archer Armor
29:04 Hand Cart
30:58 Scale Barding Armor
Connection lost

Rejoining the realm…

Still unreachable

The connection could not be restored.

Session expired

The server has moved on; the page needs a fresh start.